Map: Orbital Shipyard

Players

spaceoil - Winner!

  • Race: Zerg Zerg
  • League: Bronze

Miltreta

  • Race: Terran Terran
  • League: Bronze

VOD

Have the link to the VOD?

Description

Time

  • Played on: March 14, 2016, 10:11 a.m.
  • Length: 15:57
Show
View Real Time Build Order
Export as new Build Order

spaceoil Zerg - Winner!

Build Orders: Hatch First, Muta Ling Bane 

Get SALT Encoding   

  12  0:03  Drone  
  13  0:12  Overlord  
  13  0:20  Drone  
  14  0:32  Drone x2  
  16  0:37  Drone  
  17  0:46  Drone  
  18  0:59  Hatchery  
  17  1:05  Drone  
  18  1:15  Spawning Pool  
  18  1:16  Drone  
  18  1:24  Extractor  
  17  1:26  Drone  
  17  1:32  Drone  
  19  1:48  Overlord  
  19  1:56  Drone  
  19  2:00  Hatchery  
  19  2:08  Queen  
  21  2:16  Queen  
  23  2:27  Metabolic Boost  
  23  2:33  Zergling x2  
  23  2:34  Zergling x4  
  26  2:42  Drone x2  
  28  2:44  Drone  
  29  2:55  Extractor, Drone x2  
  30  3:25  Queen  
  30  3:26  Drone x2  
  34  3:29  Zergling x8  
  34  3:32  Drone x2  
  34  3:33  Drone x2  
  42  3:39  Overlord  
  42  4:10  Evolution Chamber  
  40  4:37  Overlord x3  
  40  4:39  Drone  
  40  4:40  Drone x5  
  40  4:42  Drone x2  
  40  4:43  Drone  
  40  4:44  Overlord  
  40  4:45  Overlord  
  47  4:55  Lair  
  47  5:02  Zergling x6  
  47  5:03  Zergling x10  
  47  5:04  Zergling x2  
  56  5:36  Baneling Nest  
  56  5:42  Zerg Melee Weapons Level 1  
  55  5:44  Drone x4  
  55  5:45  Drone x2  
  55  5:46  Drone x2  
  55  5:47  Drone x4  
  67  5:50  Extractor  
  67  5:52  Extractor  
  65  6:18  Spire  
  65  6:21  Extractor, Queen  
  65  6:22  Queen  
  65  6:24  Overlord  
  65  6:25  Overlord  
  67  6:27  Baneling x2  
  67  6:28  Baneling x6  
  67  6:29  Baneling x4  
  67  6:51  Zergling x8  
  67  6:52  Zergling x4  
  73  6:56  Drone  
  73  6:58  Drone x2  
  73  6:59  Drone x2  
  78  7:18  Drone  
  78  7:19  Drone x3  
  82  7:23  Extractor  
  81  7:37  Zerg Flyer Weapons Level 1  
  81  7:39  Mutalisk x4  
  81  7:40  Mutalisk x6  
  81  7:41  Mutalisk x2  
  105  7:53  Zerg Melee Weapons Level 2  
  105  7:59  Centrifical Hooks  
  105  8:08  Overlord x4  
  105  8:43  Mutalisk x2  
  105  8:44  Mutalisk x4  
  117  9:00  Spore Crawler  
  116  9:04  Spore Crawler, Hatchery  
  110  9:19  Hatchery  
  110  9:20  Overseer  
  110  9:23  Mutalisk x3  
  110  9:24  Mutalisk x3  
  121  9:36  Zerg Flyer Weapons Level 2  
  121  9:42  Zergling x10  
  121  9:43  Zergling x12  
  121  9:44  Zergling x6  
  135  9:47  Baneling x4  
  135  9:48  Baneling x3  
  135  9:50  Overseer x2  
  135  9:56  Drone  
  135  9:58  Drone  
  137  10:10  Infestation Pit  
  137  10:13  Overlord x4  
  137  10:14  Overlord  
  126  10:36  Mutalisk  
  126  10:37  Mutalisk x5  
  138  10:45  Queen  
  138  10:49  Queen  
  142  11:00  Zergling x12  
  142  11:01  Zergling x12  
  142  11:02  Zergling x4  
  156  11:19  Drone  
  156  11:22  Drone  
  158  11:37  Mutalisk  
  158  11:38  Mutalisk x7  
  158  11:39  Mutalisk x2  
  152  11:56  Baneling x7  
  152  11:57  Baneling x5  
  152  11:58  Baneling  
  152  12:20  Extractor  
  151  12:35  Mutalisk x6  
  163  13:08  Drone x3  
  166  13:19  Drone x2  
  169  13:20  Drone x5  
  173  13:29  Extractor  
  172  13:34  Extractor  
  172  13:36  Mutalisk x6  
  172  13:37  Extractor, Mutalisk x3  
  188  13:44  Zerg Flyer Armor Level 1  
  188  13:47  Hive  
  188  14:25  Drone  
  188  14:27  Overlord x3  
  141  14:58  Zergling x2  
  141  14:59  Zergling x12  
  139  15:00  Zergling x12  
  139  15:01  Zergling x12  
  139  15:02  Zergling x8  
  154  15:16  Zergling x8  
  154  15:17  Zergling x10  
  154  15:18  Zergling x12  
  154  15:19  Zergling x10  
  154  15:20  Zergling x8  
  178  15:26  Baneling  
  178  15:27  Baneling x4  
  178  15:28  Baneling x5  
Show
View Real Time Build Order
Export as new Build Order

Miltreta Terran 

Build Orders:  

Get SALT Encoding   

  12  0:00  SCV  
  13  0:18  Supply Depot, SCV  
  14  0:31  SCV  
  15  0:45  SCV  
  16  0:52  Barracks, Refinery  
  16  0:58  SCV  
  18  1:11  SCV  
  18  1:24  SCV  
  19  1:37  SCV  
  20  1:40  Command Center  
  20  1:42  Reaper  
  21  1:50  SCV  
  22  2:10  SCV  
  23  2:21  Barracks Tech Lab  
  23  2:30  Factory  
  23  2:34  Orbital Command  
  23  2:51  Marine  
  23  2:54  Supply Depot  
  24  3:02  Refinery  
  24  3:08  SCV  
  24  3:09  SCV  
  26  3:21  SCV  
  27  3:40  Barracks Reactor  
  27  3:44  Engineering Bay  
  27  3:49  SCV  
  29  3:59  Orbital Command  
  28  4:12  Refinery  
  26  4:31  Marine x2  
  22  4:55  SCV x2  
  24  5:03  Siege Tank  
  24  5:06  Marine x2  
  29  5:11  Missile Turret  
  29  5:17  Barracks  
  29  5:21  Engineering Bay  
  29  5:50  Terran Infantry Armor Level 1, Terran Infantry Weapons Level 1  
  29  5:57  SCV x2  
  31  5:58  Missile Turret  
  31  6:00  Siege Tank  
  31  6:03  Marine x2  
  36  6:17  SCV  
  36  6:18  SCV  
  38  6:25  Barracks Reactor  
  38  6:37  Barracks  
  38  6:40  Barracks  
  38  6:45  SCV, Barracks  
  39  6:48  Marine x2  
  39  6:49  Siege Tank  
  44  6:57  SCV  
  45  7:27  Barracks Tech Lab  
  45  7:41  Barracks Reactor  
  45  7:42  Barracks Reactor  
  45  7:43  Starport  
  45  7:44  Marine  
  46  7:53  Supply Depot  
  46  8:00  Supply Depot  
  46  8:01  Supply Depot  
  46  8:04  Supply Depot  
  46  8:07  Supply Depot, Refinery  
  46  8:15  Marine x4  
  46  8:18  Marine  
  46  8:19  Marine x2  
  53  8:20  Marine  
  53  8:22  Starport Reactor  
  54  8:38  Marine x2  
  54  8:39  Marine x2  
  54  8:40  Marine x2  
  60  8:41  Marine x2  
  60  8:43  Siege Tank  
  53  9:44  Marine x3  
  53  9:45  Marine x3  
  58  9:46  Marine x2  
  61  9:57  Missile Turret  
  61  10:01  Missile Turret  
  61  10:05  Marine x2, Missile Turret  
  61  10:06  Marine x4  
  67  10:07  Marine  
  67  10:08  Marine  
  67  10:10  Siege Tank  
  72  10:17  Stimpack  
  71  10:43  Command Center  
  71  11:13  Marine x4  
  71  11:14  Marine x4  
  71  11:16  Siege Tank  
  82  11:37  Missile Turret  
  77  12:14  Medivac  
  77  12:15  Medivac  
  81  12:17  Combat Shields  
  81  12:51  Missile Turret  
  81  13:20  Missile Turret  
  81  13:38  Armory  
  81  13:44  Viking x2  
  85  13:56  SCV x2  
  87  14:35  Viking  
  87  14:36  Viking  
  68  14:54  Marine x3  
  70  15:21  Supply Depot  
  70  15:25  Factory  
  70  15:34  Marine x2  
Tags
 
Add a new tag
Caveats
  • Supply blocks, unpowered buildings, or Contaminate may cause inaccurate times.
  • Supply counts are checked every 10 seconds.